 Dungeon Crawl Stone Soup version 0.27.0-1-g7a089689b8 (webtiles) character file.

Game seed: 10978627214324019616

20209 Skiberibeda the Geomancer (level 12, -6/73 HPs)
             Began as a Gargoyle Earth Elementalist on Aug 8, 2021.
             Was an Elder of Vehumet.
             Killed from afar by a manticore (17 damage)
             ... with a volley of spikes
             ... on level 13 of the Dungeon.
             The game lasted 01:17:11 (17623 turns).

Skiberibeda the Geomancer (GrEE)                   Turns: 17623, Time: 01:17:12

Health: -6/73      AC: 23    Str: 13    XL:     12   Next: 77%
Magic:  4/32       EV: 13    Int: 26    God:    Vehumet [****..]
Gold:   329        SH:  0    Dex: 12    Spells: 7/25 levels left

rFire    . . .     SeeInvis .   H - +2 flail of Doiler {freeze, Dex+2}
rCold    . . .     Faith    .   (no shield)
rNeg     + . .     Spirit   .   J - +1 steam dragon scales
rPois    ∞         Reflect  .   (no helmet)
rElec    +         Harm     .   x - +1 cloak
rCorr    .         Rampage  .   k - +2 pair of gloves
Will     .....                  y - +1 pair of boots
Stlth    ++........             (no amulet)
HPRegen  0.22/turn              s - ring of magical power
MPRegen  0.23/turn              g - +6 ring of intelligence

@: about to teleport, spiked
A: sickness immunity, AC +8, negative energy resistance 1, electricity
resistance, torment resistance 1, petrification resistance
a: Renounce Religion


You were on level 13 of the Dungeon.
You worshipped Vehumet.
Vehumet was greatly pleased with you.
You visited 2 branches of the dungeon, and saw 14 of its levels.
You also visited: Ossuary.

You collected 682 gold pieces.
You spent 353 gold pieces at shops.

Inventory:

Hand Weapons
 A - a +1 flail of draining
 H - the +2 flail of Doiler (weapon) {freeze, Dex+2}
   (You found it on level 9 of the Dungeon)

   It freezes those it strikes, dealing additional cold damage.
   It can also slow down cold-blooded creatures.
   Dex:       It affects your dexterity (+2).
Missiles
 c - 162 stones
Armour
 k - a +2 pair of gloves (worn)
 n - a +2 robe of cold resistance
 x - a +1 cloak (worn)
 y - a +1 pair of boots (worn)
 J - +1 steam dragon scales (worn)
Jewellery
 f - a ring of flight
 g - a +6 ring of intelligence (right hand)
 s - a ring of magical power (left hand)
 z - the ring of the Tortoise {AC+8}
   (You found it on level 7 of the Dungeon)

   [ring of protection]

   AC:        It affects your AC (+8).
 O - a ring of ice
Wands
 d - a wand of digging (2)
 j - a wand of charming (10)
 m - a wand of flame (32)
 t - a wand of iceblast (3)
 v - a wand of mindburst (7)
 C - a wand of paralysis (9)
 N - a wand of acid (21)
Scrolls
 a - a scroll of fog
 b - 5 scrolls of teleportation
 e - a scroll of acquirement {unknown}
 h - 5 scrolls of fear
 q - a scroll of blinking {unknown}
 w - 2 scrolls of brand weapon {unknown}
 D - a scroll of silence {unknown}
 F - a scroll of magic mapping
 G - 2 scrolls of enchant weapon
Potions
 i - 7 potions of curing
 l - 2 potions of might
 o - 5 potions of heal wounds
 p - 3 potions of haste
 r - 3 potions of ambrosia
 u - a potion of invisibility {unknown}
 B - 4 potions of mutation
 E - a potion of magic {unknown}
 M - a potion of brilliance {unknown}
Miscellaneous
 I - a lightning rod (4/4)
 K - a phial of floods
 L - a phantom mirror


   Skills:
 + Level 7.8 Fighting
 + Level 6.1 Maces & Flails
 + Level 4.6 Armour
 - Level 5.2 Dodging
 - Level 2.1 Stealth
 + Level 7.4 Spellcasting
 - Level 6.0 Conjurations
 - Level 0.7 Transmutations
 * Level 5.9 Fire Magic
 - Level 3.1 Ice Magic
 * Level 12.9 Earth Magic
 + Level 5.4 Evocations


You had 7 spell levels left.
You knew the following spells:

 Your Spells              Type           Power      Damage    Failure   Level
a - Sandblast             Erth           100%       2d20      1%          1
b - Stone Arrow           Conj/Erth      100%       3d13      1%          3
d - Lee's Rapid Deconstr  Erth           33%        3d18*     1%          5
e - Fireball              Conj/Fire      20%        3d10      4%          5
f - Sticky Flame          Conj/Fire      40%        2d6       1%          4

Your spell library contained the following spells:

 Spells                   Type           Power      Damage    Failure   Level
 Fulminant Prism          Conj/Hex       12%        3d9       4%          4
 Freeze                   Ice            100%       1d11      1%          1
 Magic Dart               Conj           100%       1d8       1%          1
 Shock                    Conj/Air       100%       1d9       1%          1
 Passwall                 Tmut/Erth      37%        N/A       1%          2
 Static Discharge         Conj/Air       25%        N/A       1%          2
 Petrify                  Tmut/Erth      45%        N/A       3%          4
 Animate Skeleton         Necr           18%        N/A       6%          1
 Apportation              Tloc           18%        N/A       6%          1
 Corona                   Hex            10%        N/A       6%          1
 Pain                     Necr           36%        1d5       6%          1
 Summon Small Mammal      Summ           36%        N/A       6%          1
 Irradiate                Conj/Tmut      13%        3d17      11%         5
 Borgnjor's Vile Clutch   Necr/Erth      21%        N/A       12%         5
 Airstrike                Air            4%         N/A       16%         4
 Swiftness                Air            9%         N/A       19%         3
 Starburst                Conj/Fire      20%        8x6d7     21%         6
 Dispel Undead            Necr           9%         3d8       52%         4
 Blade Hands              Tmut           6%         N/A       77%         5
 Alistair's Intoxication  Tmut/Pois      7%         N/A       82%         5
 Agony                    Necr           9%         N/A       86%         5
 Excruciating Wounds      Necr           4%         N/A       86%         5
 Eringya's Noxious Bog    Tmut/Pois      5%         N/A       86%         6
 Dispersal                Tloc           4%         N/A       100%        6
 Dragon Form              Tmut           6%         N/A       100%        7
 Disjunction              Tloc           4%         N/A       100%        8
 Ignition                 Fire           20%        3d7       100%        8


Dungeon Overview and Level Annotations

Branches:
Dungeon (13/15)            Temple (1/1) D:4            Lair (0/6) D:8
    Orc (0/2) D:11        Ossuary (visited)
 Vaults: D:13-14

Altars:
Ashenzari
Cheibriados
Dithmenos
Elyvilon
Fedhas
Gozag
Hepliaklqana
Kikubaaqudgha
Makhleb
Nemelex Xobeh
Okawaru
Qazlal
Ru
Sif Muna
Trog
Uskayaw
Vehumet
Wu Jian
Xom
Yredelemnul
Zin
The Shining One
Beogh

Shops:
D:3 (!*   D:7 (   D:9 !*[?   D:10 [   D:11 :

Annotations:
D:10 1 runed translucent door, makewrite's ghost, novice MiMo


Innate Abilities, Weirdness & Mutations

You are immune to sickness and miasma.
Your stone body is resilient. (AC +8)
You are immune to poison.
You resist negative energy. (rN+)
You are resistant to electric shocks. (rElec)
You are resistant to unholy torment.
You are immune to petrification.


Message History

The manticore bites you but does no damage.
The manticore claws you!
The manticore claws you but does no damage.
Casting: Stone Arrow (safe; 1% risk of failure)
Confirm with . or Enter, or press ? or * to list all spells.
Aiming: Stone Arrow (safe; 1% risk of failure)
Press: ? - help, Shift-Dir - straight line, f - manticore
Aim: a manticore (moderately wounded, 87% to hit)
The stone arrow hits the manticore!!
The manticore is almost dead.
The manticore bites you but does no damage.
The manticore claws you but does no damage. x2
The manticore flicks its tail.
The volley of spikes hits you!
The barbed spikes become lodged in your body.
Casting: Stone Arrow (safe; 1% risk of failure)
Confirm with . or Enter, or press ? or * to list all spells.
Okay, then.
You hit the manticore. You freeze the manticore.
The manticore is almost dead.
The manticore bites you! The manticore claws you!
The manticore claws you but does no damage.
The manticore flicks its tail.
The volley of spikes hits you!!
The barbed spikes become lodged in your body.
* * * LOW HITPOINT WARNING * * *
As you read the scroll of fear, it crumbles to dust.
You assume a fearsome visage.
The manticore resists with almost no effort.
The manticore looks frightened!
Okay, then.
You feel better.
The manticore flicks its tail.
The volley of spikes hits you but does no damage.
As you read the scroll of teleportation, it crumbles to dust.
You feel strangely unstable.
The manticore flicks its tail.
The volley of spikes hits you!
The barbed spikes become lodged in your body.
You die...

##.# )).# #)^.
#)H# .# #H.# #.#
#..# ...
..#####..#####.#
#......@##.....#
#.######.....#.###
#.######.....#....
$................#
########.....#####
#.....# ###.###
#.# #.#


You could see 2 manticores.

Vanquished Creatures
  Snorg (D:12)
  Fannar (D:12)
  A centaur warrior (D:13)
  2 two-headed ogres (D:10)
  Urug (D:11)
  Nergalle (D:12)
  2 slime creatures (D:12)
  An orange crystal statue (D:9)
  2 cyclopes (D:13)
  2 manticores (D:12)
  Maurice (D:9)
  3 gargoyles
  A komodo dragon (D:12)
  2 kobold demonologists (D:11)
  4 trolls
  A hornet (D:7)
  A shadow (D:12)
  Sigmund (D:2)
  3 wraiths
  2 wyverns
  2 vampires
  6 yaks (D:8)
  2 steam dragons
  2 vampire mosquitoes (D:11)
  A basilisk (D:12)
  3 wargs
  2 swamp worms (D:7)
  A water moccasin (D:6)
  3 acid dragons
  Duvessa (D:7)
  An ice beast (D:7)
  8 orc warriors
  4 black bears
  4 ogres
  2 necrophages
  2 sky beasts
  7 centaurs
  A phantom (D:6)
  6 bullfrogs
  A gnoll sergeant (D:12)
  4 scorpions
  Dowan (D:7)
  A wyvern zombie (D:7)
  A water moccasin zombie (D:6)
  5 killer bees (D:9)
  8 wights
  8 howler monkeys
  2 lava snakes (D:7)
  3 centaur zombies
  A hound (D:7)
  3 gnoll shamans
  A jelly (D:5)
  8 orc priests
  A bullfrog skeleton (D:5)
  4 centaur skeletons
  3 iguanas
  13 orc wizards
  A killer bee zombie (D:7)
  2 mummies (Ossuary)
  16 gnolls
  3 adders
  4 white imps
  2 ufetubi
  4 adder zombies (Ossuary)
  2 worms
  4 dart slugs
  57 orcs
  7 bats
  4 endoplasms
  7 giant cockroaches
  3 gnoll zombies (Ossuary)
  7 goblins
  8 hobgoblins
  8 jackals
  4 kobolds
  2 quokkas
  6 ball pythons
  2 frilled lizards
  2 goblin zombies (D:5)
  2 hobgoblin zombies (Ossuary)
  6 kobold zombies (Ossuary)
  3 orc zombies (Ossuary)
  6 rats
331 creatures vanquished.

Vanquished Creatures (others)
  An orc (D:4)
  4 fungi (D:10)
  4 plants
9 creatures vanquished.

Grand Total: 340 creatures vanquished

Notes
Turn   | Place    | Note
-------+----------+-------------------------------------------
     0 | D:1      | Skiberibeda the Gargoyle Earth Elementalist began the quest
                  | for the Orb.
     0 | D:1      | Reached XP level 1. HP: 10/10 MP: 3/3
   144 | D:1      | Reached skill level 4 in Earth Magic
   192 | D:1      | Reached XP level 2. HP: 11/15 MP: 3/5
   826 | D:1      | Reached XP level 3. HP: 17/19 MP: 3/6
  1362 | D:2      | Learned a level 3 spell: Stone Arrow
  1387 | D:2      | Noticed Sigmund
  2075 | D:3      | Found a broken altar of Ashenzari.
  2086 | D:3      | Reached skill level 1 in Conjurations
  2196 | D:3      | Found Denixecey's General Store.
  2323 | D:3      | Bought a scroll of identify for 24 gold pieces
  2536 | D:3      | Found Cializam's Antique Weapon Shop.
  2578 | D:3      | Reached skill level 5 in Earth Magic
  2580 | D:3      | Reached XP level 4. HP: 17/24 MP: 5/7
  2826 | D:3      | Noticed a sky beast
  2838 | D:3      | Killed a sky beast
  2839 | D:3      | Reached XP level 5. HP: 21/28 MP: 3/9
  3118 | D:3      | Found Fimoyxut's Distillery.
  3139 | D:3      | Bought a potion of attraction for 36 gold pieces
  3451 | D:3      | Reached skill level 6 in Earth Magic
  3451 | D:3      | Reached XP level 6. HP: 29/32 MP: 5/10
  3999 | D:2      | Killed Sigmund
  4343 | D:4      | Found a stormy altar of Qazlal.
  4352 | D:4      | Reached XP level 7. HP: 25/36 MP: 12/12
  5262 | D:4      | Reached skill level 1 in Fighting
  5270 | D:4      | Reached skill level 1 in Armour
  5823 | D:4      | Found a staircase to the Ecumenical Temple.
  5833 | Temple   | Entered the Ecumenical Temple
  5840 | Temple   | Became a worshipper of Vehumet
  5891 | D:5      | Entered Level 5 of the Dungeon
  5947 | D:5      | Reached skill level 1 in Maces & Flails
  5947 | D:5      | Reached skill level 7 in Earth Magic
  5947 | D:5      | Reached skill level 1 in Evocations
  6087 | D:5      | Reached XP level 8. HP: 44/44 MP: 5/13
  6142 | D:5      | Found a sand-covered staircase.
  6162 | Ossuary  | Entered an ossuary
  6231 | Ossuary  | Reached * piety under Vehumet
  6231 | Ossuary  | Offered knowledge of Freeze by Vehumet.
  6234 | Ossuary  | Learned a level 1 spell: Freeze
  6766 | D:5      | Reached skill level 5 in Conjurations
  6766 | D:5      | Reached skill level 1 in Ice Magic
  7638 | D:6      | Reached XP level 9. HP: 48/50 MP: 15/15
  7760 | D:6      | Learned a level 5 spell: Lee's Rapid Deconstruction
  7903 | D:6      | Reached skill level 8 in Earth Magic
  8305 | D:7      | Reached ** piety under Vehumet
  8313 | D:7      | Noticed Duvessa
  8315 | D:7      | Noticed Dowan
  8317 | D:7      | Killed Duvessa
  8320 | D:7      | Killed Dowan
  8320 | D:7      | Offered knowledge of Magic Dart by Vehumet.
  8323 | D:7      | Learned a level 1 spell: Magic Dart
  8421 | D:7      | Found the ring of the Tortoise {AC+8}
  8798 | D:7      | Reached skill level 5 in Spellcasting
  8949 | D:7      | Reached skill level 9 in Earth Magic
  9198 | D:7      | Noticed a hornet
  9205 | D:7      | Killed a hornet
  9206 | D:7      | Reached XP level 10. HP: 40/58 MP: 7/17
  9419 | D:7      | Found Negul's Antique Weapon Emporium.
 10323 | D:8      | Reached skill level 5 in Fighting
 10626 | D:8      | Found a snail-covered altar of Cheibriados.
 10831 | D:8      | Found a staircase to the Lair.
 10863 | D:8      | Offered knowledge of Frozen Ramparts by Vehumet.
 11031 | D:8      | Reached skill level 10 in Earth Magic
 11177 | D:8      | Reached *** piety under Vehumet
 11465 | D:9      | Learned a level 4 spell: Sticky Flame
 11515 | D:9      | Found Nuoceh's Distillery.
 11554 | D:9      | Noticed Maurice
 12002 | D:3      | Bought a potion of lignification for 36 gold pieces
 12119 | D:9      | Killed Maurice
 12120 | D:9      | Reached skill level 1 in Fire Magic
 12230 | D:9      | Found Reysoisid's Assorted Antiques.
 12266 | D:9      | Bought a glowing puce potion for 19 gold pieces
 12266 | D:9      | Bought a scroll labelled ZAYGGAVVUEPNAF for 22 gold pieces
 12266 | D:9      | Found Ibrick's Antique Armour Boutique.
 12372 | D:8      | Reached skill level 5 in Maces & Flails
 12547 | D:9      | Found Fiung's Magic Scroll Boutique.
 12550 | D:9      | Bought a scroll of amnesia for 52 gold pieces
 12550 | D:9      | Bought a scroll of magic mapping for 52 gold pieces
 12550 | D:9      | Bought a scroll of enchant weapon for 112 gold pieces
 12574 | D:9      | Reached XP level 11. HP: 59/64 MP: 10/20
 12647 | D:9      | Found a shimmering blue altar of Sif Muna.
 12729 | D:9      | Offered knowledge of Inner Flame by Vehumet.
 12935 | D:9      | Noticed an orange crystal statue
 12951 | D:9      | Killed an orange crystal statue
 12956 | D:9      | Identified the +1 leather armour of the Bells {Str+6
                  | Slay-3}
 12959 | D:9      | Identified the +2 flail of Doiler {freeze, Dex+2}
 12964 | D:9      | Identified the +4 falchion of the Wraith {vorpal, Str+3
                  | Stlth+}
 13294 | D:10     | Entered Level 10 of the Dungeon
 13378 | D:10     | Found Suqir's Antique Armour Shop.
 13420 | D:10     | Reached skill level 11 in Earth Magic
 13632 | D:10     | Noticed a two-headed ogre
 13636 | D:10     | Killed a two-headed ogre
 13894 | D:10     | Reached **** piety under Vehumet
 14068 | D:10     | Offered knowledge of Fulminant Prism by Vehumet.
 14210 | D:10     | Noticed a two-headed ogre
 14213 | D:10     | Killed a two-headed ogre
 14240 | D:10     | Found a runed translucent door.
 14243 | D:10     | Noticed makewrite's ghost (novice MiMo)
 14243 | D:10     | Identified the +11 trident of Ishroqen {drain, rPois
                  | Stlth+}
 14476 | D:11     | Found Qahot's Book Emporium.
 14875 | D:11     | Found an ornate altar of the Wu Jian Council.
 14955 | D:11     | Noticed Urug
 15010 | D:11     | Killed Urug
 15233 | D:11     | Found a staircase to the Orcish Mines.
 15890 | D:12     | Reached skill level 5 in Dodging
 15890 | D:12     | Reached skill level 12 in Earth Magic
 15890 | D:12     | Reached XP level 12. HP: 72/72 MP: 22/22
 15948 | D:12     | Noticed Snorg
 15954 | D:12     | Killed Snorg
 15969 | D:12     | Learned a level 5 spell: Fireball
 16211 | D:12     | Reached skill level 5 in Evocations
 16225 | D:12     | Noticed Fannar
 16235 | D:12     | Killed Fannar
 16523 | D:12     | Reached skill level 5 in Fire Magic
 16660 | D:12     | Noticed Nergalle
 16668 | D:12     | Killed Nergalle
 17605 | D:13     | Noticed a centaur warrior
 17610 | D:13     | Killed a centaur warrior
 17620 | D:13     | HP: 3/73 [manticore/volley of spikes (19)]
 17623 | D:13     | Killed from afar by a manticore

Illustrated notes

Levels and vault maps discovered:
D:1:      dpeg_arrival_central, layout_basic, hex_tiny
D:2:      layout_basic, uniq_sigmund
D:3:      minmay_razor_zed, layout_loops_ring, mainiacjoe_overflow_paths,
          serial_shops, nicolae_shop_waterfront,
          nicolae_shop_temple_entry_statues_fountains, nicolae_shop_trees
D:4:      layout_gridville, grunt_qazlal_clouds, lemuel_temple_firewalk_a,
          kennysheep_small_square
D:5:      layout_basic, enter_ossuary_4, serial_bayou_lake_a
D:6:      minmay_skewed_foursquare, layout_rooms, grunt_ministairs_14,
          nicolae_zen_rock_garden, serial_bayou_pond_d, corexii_leaking_fountain
D:7:      minmay_inner_zag, layout_loops_ring, serial_shops, nicolae_shop_trees,
          kennysheep_crisscross, minmay_liquid_box, worms_lemuel, uniq_duvessa
D:8:      layout_basic, cheibrodos_worm_habitat, erik_lair_orcish_takeover
D:9:      layout_loops_ring, old_standard_altar, serial_shops, shop,
          shop_fountains, nicolae_stop_n_shop_2, shop_statue, minivault_15,
          uniq_maurice
D:10:     layout_basic, serial_shops, kennysheep_little_box, special_room
          [special_room_orc], ebering_ghost_funeral_grove
D:11:     layout_basic, erik_orc_3, serial_shops, shop,
          nzn_wu_jian_council_hall, uniq_urug
D:12:     layout_basic, kennysheep_generic_room_12, uniq_fannar, uniq_kirke,
          uniq_nergalle, uniq_snorg
D:13:     layout_loops_ring
Temple:   nicolae_temple_no_exploring_needed

Skill      XL: |  1  2  3  4  5  6  7  8  9 10 11 12 |
---------------+-------------------------------------+-----
Earth Magic    | 4 5 6 7 9 10 12 | 12.9
Conjurations   | 1 2 3 4 5 6 |  6.0
Spellcasting   | 3 4 5 6 7 |  7.4
Fighting       | 1 3 4 5 7 |  7.8
Armour         | 1 2 3 4 |  4.6
Maces & Flails | 1 2 3 5 6 |  6.1
Dodging        | 2 3 4 5 |  5.2
Evocations     | 1 2 3 4 5 |  5.4
Ice Magic      | 2 3 |  3.1
Fire Magic     | 2 4 5 |  5.9
Stealth        | |  2.1
Transmutations | |  0.7

Action                   |  1- 3 |  4- 6 |  7- 9 | 10-12 || total
-------------------------+-------+-------+-------+-------++-------
Melee: Club              |    96 |    93 |       |       ||   189
       Mace              |       |    18 |   220 |       ||   238
       Flail             |       |       |    29 |   189 ||   218
 Cast: Sandblast         |    26 |    28 |    58 |   126 ||   238
       Stone Arrow       |       |       |    46 |   125 ||   171
       Freeze            |       |       |     6 |     3 ||     9
       Magic Dart        |       |       |     5 |    11 ||    16
       Lee's Rapid Decon |       |       |       |    29 ||    29
       Sticky Flame      |       |       |       |    11 ||    11
       Fireball          |       |       |       |     5 ||     5
Evoke: Wand              |       |       |       |    30 ||    30
  Use: Scroll            |     1 |     3 |     5 |    15 ||    24
       Potion            |       |       |       |     1 ||     1
 Stab: Sleeping          |     3 |     5 |     5 |       ||    13
       Paralysed         |       |       |       |     3 ||     3
Armor: Robe              |    45 |    62 |   171 |    99 ||   377
       Steam dragon scal |       |       |       |    66 ||    66
Dodge: Dodged            |    61 |   109 |   248 |   202 ||   620
